 Dungeon Crawl Stone Soup version 0.31-a0-700-gf13585253f (webtiles) character file.

Game seed: 9239055121557529190

85 randomguy2701 the Trooper (level 4, -5/41 HPs)
             Began as a Hill Orc Fighter on Sept 8, 2023.
             Was an Initiate of Beogh.
             Slain by an ogre
             ... wielding a +0 giant spiked club
              (20 damage)
             ... on level 3 of the Dungeon.
             The game lasted 00:01:54 (1802 turns).

randomguy2701 the Trooper (Hill Orc Fighter)        Turns: 1802, Time: 00:01:54

Health: -5/41      AC:  7    Str: 18    XL:     4   Next: 48%
Magic:  4/4        EV:  9    Int:  8    God:    Beogh [......]
Gold:   152        SH:  5    Dex: 12    Spells: 3/3 levels left

rFire   . . .        a - +0 war axe
rCold   . . .        c - +0 buckler
rNeg    . . .        b - +0 scale mail
rPois   .            (no helmet)
rElec   .            (no cloak)
rCorr   .            (no gloves)
SInv    .            (no boots)
Will    .....        (no amulet) Stlth
                     (no ring)
HPRegen 0.26/turn    (no ring)
MPRegen 0.09/turn

%: no passive effects
@: mighty
A: no striking features
a: Renounce Religion


You were on level 3 of the Dungeon.
You worshipped Beogh.
Beogh was noncommittal.
You visited 1 branch of the dungeon, and saw 3 of its levels.

You collected 152 gold pieces.

Inventory:

Hand Weapons
 a - a +0 war axe (weapon)
Armour
 b - a +0 scale mail (worn)
 c - a +0 buckler (worn)
Jewellery
 n - an amulet of regeneration
Scrolls
 e - a scroll of acquirement {unknown}
 f - 4 scrolls of identify {unknown}
 h - a scroll of teleportation {unknown}
 j - a scroll of enchant weapon {unknown}
 l - a scroll of immolation {unknown}
 o - a scroll of blinking {unknown}
Potions
 g - a potion of berserk rage {unknown}
 i - a potion of brilliance {unknown}
 k - 3 potions of heal wounds {unknown}
 m - a potion of degeneration {unknown}
 p - a potion of magic {unknown}
 q - a potion of mutation {unknown}
 r - a potion of curing {unknown}


   Skills:
 + Level 4.5 Fighting
 + Level 4.0 Axes
 + Level 3.8 Armour
 + Level 0.2 Dodging
 + Level 3.9 Shields


You had 3 spell levels left.
You didn't know any spells.
Your spell library contained the following spells:

 Spells                   Type           Power      Damage    Failure   Level
 Kiss of Death            Conj/Necr      0%         2d5       86%         1
 Sandblast                Erth           0%         2d4       86%         1
 Summon Small Mammal      Summ           0%         N/A       86%         1
 Passwall                 Tmut/Erth      0%         N/A       95%         2
 Call Canine Familiar     Summ           0%         N/A       99%         3
 Confusing Touch          Hex            0%         N/A       99%         3
 Stone Arrow              Conj/Erth      0%         3d7       99%         3
 Summon Guardian Golem    Hex/Summ       0%         N/A       99%         3
 Dispel Undead            Necr           0%         3d6       100%        4


Dungeon Overview and Level Annotations

Branches:
Dungeon (3/15)

Altars:
Elyvilon

Shops:
D:2 (

Annotations:
D:3 1 runed translucent door


Message History

An orc priest comes into view. It is wielding a +0 club.
The orc priest shouts, "Surrender to Beogh and we'll let you live!" (press Y on the ability menu to convert to Beogh)
The orc priest shouts!
You bow before the missionary of Beogh.
Beogh welcomes you!
The priest welcomes you and lets you live.
An orc comes into view. It is wielding a +0 club.
The orc shouts!
An orc wizard comes into view. It is wielding a +0 dagger.
The orc wizard shouts!
The orc hits you with a +0 club. You block the orc wizard's attack.
The orc hits you but does no damage.
You feel very mighty all of a sudden. The orc wizard casts a spell at you.
The magic dart hits you. The orc hits you but does no damage.
You hit the orc wizard.
The orc wizard is lightly wounded.
You hit the orc.
The orc wizard points at you and mumbles some strange words.
You block the puff of flame. The orc barely misses you.
The orc hits you but does no damage. You block the orc wizard's attack.
You hit the orc wizard.
The orc wizard is severely wounded.
You slash the orc!
You kill the orc!
Beogh accepts your kill. The orc wizard casts a spell at you.
You resist with some effort.
The ogre hits you with a +0 giant spiked club!!
Your Axes skill increases to level 4!
Found a runed translucent door.
The orc wizard hits you but does no damage.
The orc wizard attacks as it pursues you!
The orc wizard hits you but does no damage.
You barely miss the orc wizard.
The orc wizard is severely wounded.
The orc wizard hits you with a +0 dagger.
The ogre hits you with a +0 giant spiked club!!
You die...

#...#.# ......## ... .~.#
.......# ..#######+##. #......#
..#......... #......##
#.......... #.###...# #..........
..... ........### #.......# .....
..........####.......# ##.....
.............o..@o..## #.......
...........###...O...###.......
.........#...#.....).......#....
.....................#...#?..#..
....###..##............#...#...#.
...............#.....#...#...#...
......#...#..#.....#...#...#...#.
#.###....##.####.#...#...#...#...
#......####..#.....#...#...#...#


You could see an ogre, an orc wizard and a neutral orc priest (wandering).

Vanquished Creatures
  A gnoll (D:2)
  2 adders
  A worm (D:3)
  3 dart slugs (D:2)
  2 orcs (D:3)
  7 endoplasms
  4 giant cockroaches
  3 goblins
  4 hobgoblins
  4 kobolds
  2 quokkas
  3 ball pythons (D:1)
  3 bats (D:2)
  3 frilled lizards
  2 rats
44 creatures vanquished.

Notes
Turn   | Place    | Note
-------+----------+-------------------------------------------
     0 | D:1      | randomguy2701 the Hill Orc Fighter began the quest for the
                  | Orb.
     0 | D:1      | Reached XP level 1. HP: 19/19 MP: 1/1
    86 | D:1      | Reached XP level 2. HP: 27/27 MP: 2/2
   701 | D:2      | Reached XP level 3. HP: 33/33 MP: 3/3
  1151 | D:2      | Reached XP level 4. HP: 36/41 MP: 4/4
  1184 | D:2      | Found a white marble altar of Elyvilon.
  1282 | D:2      | Found Wearoiw's Weapon Shoppe.
  1686 | D:3      | Found a faded altar of an unknown god.
  1783 | D:3      | Noticed an ogre
  1791 | D:3      | Became a worshipper of Beogh the Brigand
  1800 | D:3      | Found a runed translucent door.
  1802 | D:3      | Slain by an ogre

Illustrated notes

Levels and vault maps discovered:
D:1:      dpeg_arrival_tiny_i, layout_basic
D:2:      minmay_inner_zag, layout_basic, basic_altar, serial_shops,
          nicolae_shop_bloodbath_and_beyond
D:3:      layout_rooms, nicolae_ashenzari_skybound,
          ebering_ghost_reflecting_pool, hellmonk_ecumenical_altar_lost_god,
          hex_large

Skill      XL: |  1  2  3  4 |
---------------+-------------+-----
Axes           | 3 4 |  4.0
Fighting       | 4 |  4.5
Armour         | |  3.8
Dodging        | |  0.2
Shields        | |  3.9

Action                     |  1- 3 |  4- 6 || total
---------------------------+-------+-------++-------
  Melee: War axe           |    87 |    28 ||   115
 Invoke: Convert to Beogh  |       |     1 ||     1
    Use: Potion            |       |     1 ||     1
 Armour: Scale mail        |    61 |    26 ||    87
  Dodge: Dodged            |    44 |    11 ||    55
  Block: Buckler           |    20 |     6 ||    26

Table legend: (Time is in decaauts)
 A = Elapsed time spent in this place.
 B = Non-inter-level travel time spent in this place.
 C = Inter-level travel time spent in this place.
 D = Time resting spent in this place.
 E = Time spent auto-exploring this place.
 F = Levels seen in this place.
 G = Mean time per level.
                   A        B        C        D        E       F      G
               +--------+--------+--------+--------+--------+-----+--------+
         Total |   1843 |   1765 |     78 |      0 |   1449 |   3 |  614.3 |
       Dungeon |   1843 |   1765 |     78 |      0 |   1449 |   3 |  614.3 |
               +--------+--------+--------+--------+--------+-----+--------+

Top non-repeatable levels by time:
     D:2: 1018 daAuts
     D:1: 586 daAuts
     D:3: 239 daAuts
